 Dungeon Crawl Stone Soup version 0.20-a0-181-g08e0bf9 (webtiles) character file.

5795 MrRokkomies the Nimble (level 10, -22/83 HPs)
             Began as a Vampire Enchanter on Nov 15, 2016.
             Was the Champion of Cheibriados.
             Killed from afar by a fire giant (31 damage)
             ... with a bolt of fire
             ... on level 8 of the Dungeon on Nov 23, 2016.
             The game lasted 00:39:38 (8988 turns).

MrRokkomies the Nimble (Vampire Enchanter)          Turns: 8988, Time: 00:39:39

Health: -22/83     AC:  6    Str: 22    XL:     10   Next: 50%
Magic:  14/14      EV: 26    Int: 35    God:    Cheibriados [******]
Gold:   702        SH:  0    Dex: 31    Spells: 5/15 levels left

rFire  . . .     SeeInvis +     b - +10 dire flail of Sunlight {flame, MR+}
rCold  . . .     Gourm    .     J - +1 robe
rNeg   + . .     Faith    +     (shield currently unavailable)
rPois  .         Spirit   .     f - +0 helmet
rElec  .         Reflect  .     E - +0 cloak
rCorr  .         Harm     .     (no gloves)
MR     ++...     Clarity  +     v - +0 pair of boots
Stlth  ++++......               n - amulet of faith
                                x - +3 ring of evasion
                                (no ring)

@: very slightly contaminated, invisible, very slow
A: fangs 3, see invisible, clarity, unbreathing
a: Bat Form, Bend Time, Temporal Distortion, Slouch, Step From Time, Renounce
Religion


You were on level 8 of the Dungeon.
You worshipped Cheibriados.
Cheibriados was exalted by your worship.
You were not thirsty.

You visited 1 branch of the dungeon, and saw 8 of its levels.
You also visited: Sewer.

You collected 702 gold pieces.

Inventory:

Hand Weapons
 a - a +2 dagger of venom
 b - the +10 dire flail of Sunlight (weapon) {flame, MR+}
   (You found it on level 8 of the Dungeon)

   It has been specially enchanted to burn those struck by it, causing extra
   injury to most foes and up to half again as much damage against particularly
   susceptible opponents.
   It affects your resistance to hostile enchantments.
 l - a +0 blowgun
Missiles
 o - 7 needles of confusion
 r - 15 poisoned needles
Armour
 f - a +0 helmet (worn)
 v - a +0 pair of boots (worn)
 E - a +0 cloak (worn)
 J - a +1 robe (worn)
Magical Staves
 K - an uncursed staff of summoning
Jewellery
 g - an uncursed amulet of rage {unknown}
 n - an amulet of faith (around neck)
 x - a +3 ring of evasion (right hand)
 y - an uncursed ring of resist corrosion
 F - an uncursed ring of ice
 H - an uncursed ring of poison resistance
Wands
 p - a wand of slowing (24/48)
Scrolls
 q - a scroll of enchant weapon
 t - 2 scrolls of teleportation
 u - a scroll of fear
 z - a scroll of noise
 A - a scroll of magic mapping
 G - a scroll of remove curse
 L - a scroll of identify
Potions
 d - 7 potions of flight
 e - a potion of haste
 h - 2 potions of brilliance
 i - 7 potions of curing
 j - 2 potions of mutation
 k - 2 potions of agility
 m - 2 potions of magic
 B - 2 potions of blood
 C - a potion of might
 D - 2 potions of resistance {unknown}
Books
 c - a book of Maledictions

   Spells                             Type                      Level
   a - Corona                         Hexes                        1
   b - Ensorcelled Hibernation        Hexes/Ice                    2
   c - Confuse                        Hexes                        3
   d - Tukima's Dance                 Hexes                        3
   e - Dazzling Spray                 Conjuration/Hexes            3
 w - Sif Muna's Almanac of Creation
   (You found it on level 4 of the Dungeon)

   Spells                             Type                      Level
   a - Summon Small Mammal            Summoning                    1


   Skills:
 - Level 9.0 Fighting
 - Level 8.0 Short Blades
 * Level 2.9 Maces & Flails
 * Level 9.4 Dodging
 - Level 4.9 Stealth
 - Level 3.0 Spellcasting
 - Level 6.0 Hexes


You had 5 spell levels left.
You knew the following spells:

 Your Spells              Type           Power        Failure   Level  Hunger
a - Corona                Hex            #####..      1%          1    None
b - Ensorcelled Hibernat  Hex/Ice        ####..       2%          2    None
c - Confuse               Hex            #####...     1%          3    ##.....
d - Tukima's Dance        Hex            #####...     1%          3    ##.....
e - Summon Small Mammal   Summ           #...         6%          1    None


Dungeon Overview and Level Annotations

Branches:
Dungeon (8/15)             Temple (0/1) D:7            Lair (0/6) D:8

Altars:
Ashenzari
Cheibriados
Elyvilon
Fedhas
Gozag
Qazlal
Ru
Sif Muna
Uskayaw
The Shining One

Shops:
D:6 (   D:7 (


Innate Abilities, Weirdness & Mutations

You have razor-sharp teeth.
You have supernaturally acute eyesight. (SInv)
You can survive without breathing.
You possess an exceptional clarity of mind.


Message History

Okay, then.
Unknown command.
Evoke which item? (* to show all) (? for menu, Esc to quit)
Aiming: Phantom Mirror
Press: ? - help, Dir - move target cursor, f - fire giant
Aim: a fire giant, wielding a great sword of flaming and wearing an ancient iron ring You reflect the fire giant with the mirror, and the mirror shatters!
The fire giant casts a spell at you. The bolt of fire misses you.
Your fire giant gestures at the fire giant while chanting.
The bolt of fire hits the fire giant.
The fire giant resists.
The fire giant hits your fire giant with a great sword of flaming.
Your fire giant hits the fire giant with a great sword of flaming.
Your fire giant hits the fire giant with a great sword of flaming!!
The fire giant hits your fire giant with a great sword of flaming!!
The fire giant points at you and mumbles some strange words.
The bolt of fire hits your fire giant.
Your fire giant resists.
The bolt of fire hits you!
You die...

#..........## #..........#..
#...........### ###.######.#.#
#.............#####[# #...#
###########.#.......#######..#
#............#.....######
#...<.....C#######C..####
#........C.# ###.....
#..........# ######
#.......@..# #..........#
########.### #.# ## #.# #. #.#
##. #.#### ##.. #.##.#####
####..# #......).###...##.


You could see a fire giant and a friendly fire giant.

Vanquished Creatures
  A flayed ghost (D:8)
  2 cyclopes (D:8)
  Prince Ribbit (D:6)
  A two-headed ogre (D:8)
  2 hippogriffs
  A spriggan (D:7)
  A wyvern (D:8)
  A basilisk (D:8)
  A steam dragon (D:8)
  An acid dragon (D:8)
  Duvessa (D:4)
  A swamp drake (D:8)
  2 sky beasts
  A black bear (D:8)
  2 ogres
  A phantom (D:5)
  6 centaurs
  2 crocodiles (D:8)
  3 bullfrogs
  A big kobold (D:8)
  A scorpion (D:8)
  Dowan (D:4)
  5 wights (D:6)
  A howler monkey (D:5)
  3 crimson imps (D:5)
  A centaur zombie (D:6)
  5 hounds
  An orc priest (D:5)
  6 orc wizards
  2 bullfrog skeletons
  3 iguanas
  4 worker ants
  2 hound zombies
  A hound skeleton (D:8)
  A worker ant zombie (D:7)
  9 gnolls
  13 adders
  2 shadow imps
  4 oozes (Sewer)
  2 adder skeletons (D:4)
  An adder zombie (D:6)
  5 worms
  2 dart slugs (D:1)
  8 leopard geckos
  25 orcs
  A ball python (Sewer)
  8 giant cockroaches
  4 goblins
  6 hobgoblins
  6 jackals
  9 kobolds
  3 quokkas
  13 bats
  7 frilled lizards
  A jackal skeleton (D:7)
  A leopard gecko zombie (D:6)
  7 rats
206 creatures vanquished.

Vanquished Creatures (collateral kills)
  An orc warrior (D:7)
  An orc (D:7)
2 creatures vanquished.

Grand Total: 208 creatures vanquished

Notes
Turn   | Place    | Note
-------+----------+-------------------------------------------
     0 | D:1      | MrRokkomies the Vampire Enchanter began the quest for the Orb.
     0 | D:1      | Reached XP level 1. HP: 13/13 MP: 3/3
   319 | D:1      | Reached skill level 5 in Hexes
   319 | D:1      | Reached XP level 2. HP: 18/19 MP: 5/5
   323 | D:1      | Learned a level 2 spell: Ensorcelled Hibernation
  1191 | D:2      | Reached XP level 3. HP: 24/24 MP: 3/6
  1352 | D:1      | Learned a level 3 spell: Confuse
  1355 | D:2      | Reached XP level 4. HP: 30/30 MP: 4/7
  2108 | D:3      | Found a faded altar of an unknown god.
  2116 | D:3      | Became a worshipper of Cheibriados the Contemplative
  2116 | D:3      | Reached * piety under Cheibriados
  2122 | D:3      | Reached XP level 5. HP: 9/35 MP: 0/9
  2155 | D:3      | Found a glowing drain.
  2171 | Sewer    | Entered a sewer
  2475 | Sewer    | Reached ** piety under Cheibriados
  2815 | Sewer    | Learned a level 3 spell: Tukima's Dance
  3135 | D:3      | Reached *** piety under Cheibriados
  3415 | D:4      | Reached skill level 1 in Fighting
  3513 | D:4      | Noticed Duvessa
  3516 | D:4      | Gained mutation: You possess an exceptional clarity of mind. [potion of beneficial mutation]
  3531 | D:4      | Noticed Dowan
  3538 | D:4      | Reached XP level 6. HP: 38/43 MP: 7/10
  3549 | D:4      | Killed Dowan
  3603 | D:4      | Killed Duvessa
  3603 | D:4      | Reached skill level 5 in Short Blades
  3763 | D:4      | Found a deep blue altar of Sif Muna.
  3773 | D:4      | Reached XP level 7. HP: 51/51 MP: 1/11
  3778 | D:4      | Identified Sif Muna's Almanac of Creation
  3786 | D:4      | Learned a level 1 spell: Summon Small Mammal
  3953 | D:4      | Found a sacrificial altar of Ru.
  3962 | D:4      | Upgraded the game from 0.20-a0-46-g4a4b873 to 0.20-a0-181-g08e0bf9
  4239 | D:5      | Entered Level 5 of the Dungeon
  4252 | D:5      | Found a shattered altar of Ashenzari.
  4310 | D:5      | Reached **** piety under Cheibriados
  5035 | D:5      | Reached XP level 8. HP: 59/61 MP: 12/12
  5312 | D:5      | Reached skill level 5 in Fighting
  5536 | D:5      | Found a blossoming altar of Fedhas.
  5739 | D:6      | Found Ruilidui's Weapon Boutique.
  5743 | D:6      | Found a stormy altar of Qazlal.
  5745 | D:6      | Noticed an air elemental
  5844 | D:6      | Noticed a hand axe
  5849 | D:6      | Noticed a hand axe
  5853 | D:6      | Found a hide-covered altar of Uskayaw.
  5948 | D:6      | Reached ***** piety under Cheibriados
  5949 | D:6      | Noticed Prince Ribbit
  5967 | D:6      | Killed Prince Ribbit
  6527 | D:6      | Reached XP level 9. HP: 55/71 MP: 13/13
  6583 | D:6      | Found a glowing golden altar of the Shining One.
  6682 | D:7      | Found Rined's Weapon Shop.
  6727 | D:7      | Reached skill level 5 in Dodging
  6895 | D:7      | Found a staircase to the Ecumenical Temple.
  7082 | D:7      | Found a stormy altar of Qazlal.
  7216 | D:7      | Found a white marble altar of Elyvilon.
  7405 | D:7      | Found an opulent altar of Gozag.
  7847 | D:8      | Reached ****** piety under Cheibriados
  7901 | D:8      | Found a snail-covered altar of Cheibriados.
  8110 | D:8      | Noticed a cyclops
  8124 | D:8      | Killed a cyclops
  8124 | D:8      | Reached XP level 10. HP: 82/82 MP: 8/14
  8208 | D:8      | Got a scorched dire flail
  8210 | D:8      | Noticed a cyclops
  8219 | D:8      | Killed a cyclops
  8346 | D:8      | Identified the +10 dire flail of Sunlight {flame, MR+} (You found it on level 8 of the Dungeon)
  8483 | D:8      | Noticed a flayed ghost
  8510 | D:8      | Killed a flayed ghost
  8510 | D:8      | Reached skill level 1 in Maces & Flails
  8918 | D:8      | Found a staircase to the Lair.
  8975 | D:8      | Noticed a fire giant
  8988 | D:8      | Killed from afar by a fire giant

Vault maps used:
D:1:      saegor_arrival_miasma
D:2:      first_bread, minmay_misc_feat_x, bh_walls_and_bars
D:3:      portal_sewer_entry_f, ecumenical_altar_2, kennysheep_small_spiral
D:4:      nicolae_ru_sacrificial_ziggurat, led_sif_book, uniq_duvessa
D:5:      kennysheep_spiral_hall, nicolae_overflow_crystal_walls, fedhas_altar_4
D:6:      dancing_weapons_uskayaw, kennysheep_little_box, serial_shops, shop,
          nicolae_qazlal_style_of_elements, uniq_prince_ribbit1
D:7:      marbit_many_paths, grunt_gozag_breadcrumbs, lemuel_crystal_altar,
          serial_shops, shop, the_bakery, eino_small_chamber_without_monster
D:8:      overflow_temple_1_default, erik_lair_dragon,
          minmay_the_grid_plus_closed
Sewer:    sewer_fruit_machine

Skill      XL: |  1  2  3  4  5  6  7  8  9 10 |
---------------+-------------------------------+-----
Hexes          | 5 6 |  6.0
Short Blades   | 2 3 4 5 6 8 |  8.0
Spellcasting   | 3 |  3.0
Fighting       | 1 2 4 6 8 9 |  9.0
Dodging        | 4 7 9 |  9.4
Maces & Flails | 2 |  2.9
Stealth        | |  4.9

Action                   |  1- 3 |  4- 6 |  7- 9 | 10-12 || total
-------------------------+-------+-------+-------+-------++-------
Melee: Dagger            |    49 |       |   256 |    20 ||   325
       Bite              |     5 |    14 |    82 |    18 ||   119
       Short sword       |    22 |   166 |    99 |       ||   287
       Dire flail        |       |       |       |    41 ||    41
 Cast: Ensorcelled Hiber |     4 |    19 |    20 |       ||    43
       Confuse           |       |     5 |     8 |     4 ||    17
       Tukima's Dance    |       |       |     2 |       ||     2
 Abil: End Transformatio |       |     1 |     1 |       ||     2
       Bat Form          |       |     1 |     1 |       ||     2
Evoke: Phantom mirror    |       |       |       |     1 ||     1
  Use: Scroll            |     3 |    14 |     5 |     2 ||    24
       Potion            |       |     1 |       |     1 ||     2
 Stab: Sleeping          |    15 |    12 |    27 |       ||    54
       Distracted        |       |     1 |       |     2 ||     3
       Confused          |       |     2 |     3 |     1 ||     6
  Eat: Corpse            |       |     5 |     4 |     1 ||    10
Armor: Robe              |     9 |    54 |    40 |     4 ||   107
Dodge: Dodged            |    35 |   119 |   209 |    76 ||   439
Block: Buckler           |       |       |    66 |     1 ||    67
